 Dungeon Crawl Stone Soup version 0.28.0-49-g6dfe1f597d (webtiles) character file.

Game seed: 11189212095014358831

16508 Dreadrock the Cleaver (level 12, -4/113 HPs)
             Began as a Minotaur Berserker on May 11, 2022.
             Slain by a polar bear (7 damage)
             ... created by the rage of Trog
             ... on level 11 of the Dungeon.
             The game lasted 01:08:16 (15788 turns).

Dreadrock the Cleaver (Minotaur Berserker)         Turns: 15788, Time: 01:08:18

Health: -4/113     AC: 13    Str: 31 (35) XL:     12   Next: 10%
Magic:  11/11      EV: 14    Int:  4      God:
Gold:   458        SH:  0    Dex: 11      Spells: 11/11 levels left

rFire   . . .      SeeInvis .   b - +4 battleaxe (venom)
rCold   . . .      Faith    .   (shield currently unavailable)
rNeg    . . .      Spirit   .   q - +0 acid dragon scales
rPois   +          Reflect  .   (helmet restricted)
rElec   .          Harm     .   w - +0 cloak
rCorr   +          Rampage  .   j - +2 pair of gloves {Str+3}
Will    .....                   (no boots)
Stlth   ++........              A - amulet of regeneration
HPRegen 1.08/turn               p - ring of poison resistance
MPRegen 0.12/turn               g - +6 ring of strength

@: slowed, very slow
A: horns 2, retaliatory headbutt
a: no special abilities


You were on level 11 of the Dungeon.
You visited 2 branches of the dungeon, and saw 12 of its levels.

You collected 948 gold pieces.
You spent 490 gold pieces at shops.

Inventory:

Hand Weapons
 a - a +0 hand axe of flaming
 b - a +4 battleaxe of venom (weapon)
Missiles
 m - 4 throwing nets (quivered)
Armour
 j - a +2 pair of gloves of strength (worn)
 q - +0 acid dragon scales (worn)
 t - a +0 kite shield
 v - a +0 plate armour
 w - a +0 cloak (worn)
Jewellery
 g - a +6 ring of strength (right hand)
 o - a ring of flight
 p - a ring of poison resistance (left hand)
 A - an amulet of regeneration (around neck)
Wands
 n - a wand of acid (11)
 y - a wand of digging (5)
 C - a wand of iceblast (14)
Scrolls
 c - 3 scrolls of fog
 B - a scroll of teleportation {unknown}
 F - 2 scrolls of blinking
Potions
 d - a potion of flight
 f - 2 potions of resistance
 h - 3 potions of ambrosia
 k - 2 potions of might
 s - 4 potions of curing
 x - 3 potions of heal wounds
 z - a potion of cancellation
 D - 2 potions of haste {unknown}


   Skills:
 + Level 12.6 Fighting
 + Level 14.6 Axes
 + Level 9.8 Armour
 + Level 8.8 Dodging
 - Level 2.6 Stealth
 + Level 3.6 Shields
 + Level 2.5 Evocations


You had 11 spell levels left.
You didn't know any spells.
Your spell library was empty.

Dungeon Overview and Level Annotations

Branches:
Dungeon (11/15)            Temple (0/1) D:5            Lair (1/6) D:9
    Orc: D:9-12

Altars:
Dithmenos
Gozag
Hepliaklqana
Makhleb
Nemelex Xobeh
Okawaru
Sif Muna
Trog
Uskayaw
The Shining One

Shops:
D:7 *   D:8 *[?

Portals:
Trove: D:10 (give 7 scrolls of blinking)


Innate Abilities, Weirdness & Mutations

You have a pair of horns on your head.
You reflexively headbutt those who attack you in melee.


Message History

The polar bear claws you but does no damage.
The black bear misses you. The black bear claws you.
The black bear barely misses you.
You slash the polar bear!
The polar bear is poisoned.
Your headbutt misses the polar bear.
The polar bear is lightly wounded.
You hit the polar bear but do no damage.
The polar bear looks as sick as possible!
You barely miss the ogre. You closely miss the black bear.
You slice the black bear!!
The black bear looks as sick as possible!
You barely miss the polar bear. You slash the polar bear!
The ogre barely misses you. You furiously retaliate!
You headbutt the ogre. The polar bear bites you!
The polar bear barely misses you. x2
The black bear barely misses you. The black bear claws you.
The black bear misses you. The polar bear barely misses you.
The polar bear claws you but does no damage.
The polar bear barely misses you. The polar bear misses you.
You furiously retaliate!
You headbutt the polar bear!
The polar bear claws you but does no damage. x2
The polar bear bites you but does no damage.
The polar bear misses you.
The polar bear claws you but does no damage.
The black bear closely misses you. The black bear misses you.
The black bear claws you but does no damage.
The ogre barely misses you. The polar bear bites you!!
* * * LOW HITPOINT WARNING * * *
The polar bear barely misses you.
The polar bear claws you but does no damage.
The black bear barely misses you. The black bear misses you.
The black bear claws you but does no damage.
The polar bear bites you!
* * * LOW HITPOINT WARNING * * *
The polar bear misses you. The polar bear completely misses you.
The black bear bites you.
* * * LOW HITPOINT WARNING * * *
The black bear closely misses you. The black bear claws you.
* * * LOW HITPOINT WARNING * * *
The polar bear bites you!
You die...

#.# .# #...########## #.# >#
#...# #.##.# #...# #....#
#...########## #....#
#............. #.)#.#
#............. .
#..#+#####...)....... .
#..Oh....'........... #.
#..h@h#.##........... #
#.###..hhh..##.[......... .
#......O.)........###'.. ###.
#...........#####.# #'..
#...##.........#######.####..
#....#.........# #..........
..............# #..........
#.###..........# #..........
#.............#####........##


You could see 4 polar bears, 2 black bears and 2 ogres.

Vanquished Creatures
  Gastronok (D:10)
  Harold (D:9)
  A catoblepas (D:11)
  2 hydras (D:11)
  3 two-headed ogres
  3 death yaks (D:9)
  A cyclops (D:11)
  Maurice (D:9)
  An unseen horror (D:11)
  A kobold demonologist (D:10)
  2 komodo dragons (Lair:1)
  A hornet (D:10)
  A troll (D:9)
  Prince Ribbit (D:8)
  A meliai zombie (D:10)
  A wyvern (D:6)
  Sigmund (D:6)
  2 steam dragons
  A basilisk (D:11)
  3 yaks (D:9)
  Grum (D:9)
  Menkaure (D:6)
  4 vampire mosquitoes (D:11)
  An acid dragon (D:4)
  5 water moccasins
  An ice beast (D:5)
  A necrophage (D:4)
  2 centaurs
  2 black bears
  4 wolves (D:9)
  3 sky beasts (D:6)
  9 ogres
  A phantom (D:6)
  5 bullfrogs
  5 kobold brigands
  2 gnoll sergeants
  3 scorpions
  A wyvern skeleton (D:6)
  3 killer bees (D:9)
  7 wights
  A bullfrog zombie (D:3)
  2 centaur zombies
  4 hounds
  3 orc priests
  2 jellies
  A gnoll shaman (D:10)
  7 iguanas
  3 orc wizards
  A hell rat (D:9)
  2 killer bee zombies (D:8)
  A hound skeleton (D:5)
  A howler monkey zombie (D:5)
  21 gnolls
  A howler monkey skeleton (D:6)
  4 river rats (D:9)
  7 adders
  5 white imps
  A dart slug (D:1)
  28 orcs
  7 ball pythons
  8 endoplasms
  2 giant cockroaches
  5 goblins
  5 hobgoblins
  11 jackals
  5 quokkas
  5 bats
  4 frilled lizards
  28 kobolds
  3 rats
268 creatures vanquished.

Notes
Turn   | Place    | Note
-------+----------+-------------------------------------------
     0 | D:1      | Dreadrock the Minotaur Berserker began the quest for the
                  | Orb.
     0 | D:1      | Reached XP level 1. HP: 19/19 MP: 0/0
   211 | D:1      | Reached skill level 4 in Axes
   334 | D:1      | Reached XP level 2. HP: 24/27 MP: 1/1
  1225 | D:1      | Reached ** piety under Trog
  1310 | D:1      | Reached XP level 3. HP: 33/33 MP: 2/2
  1587 | D:2      | Found a bloodstained altar of Trog.
  2688 | D:2      | Found a faded altar of an unknown god.
  3180 | D:3      | Reached XP level 4. HP: 36/41 MP: 3/3
  4034 | D:4      | Reached skill level 5 in Axes
  4115 | D:4      | Reached XP level 5. HP: 47/47 MP: 4/4
  4125 | D:4      | Reached skill level 5 in Fighting
  4125 | D:4      | Reached skill level 1 in Stealth
  4300 | D:4      | Noticed a necrophage
  4497 | D:4      | Reached XP level 6. HP: 56/56 MP: 5/5
  4745 | D:4      | Reached skill level 6 in Axes
  4853 | D:4      | Reached XP level 7. HP: 62/62 MP: 6/6
  5118 | D:4      | Found a sparkling altar of Nemelex Xobeh.
  5123 | D:4      | Found a burning altar of Makhleb.
  6077 | D:5      | Entered Level 5 of the Dungeon
  6083 | D:5      | Reached skill level 7 in Axes
  6327 | D:5      | You fall into a shaft and drop 1 floor!
  6332 | D:6      | Noticed Menkaure
  6341 | D:6      | Killed Menkaure
  6342 | D:6      | Reached skill level 5 in Dodging
  6342 | D:6      | Reached XP level 8. HP: 31/71 MP: 7/7
  6909 | D:5      | Reached skill level 8 in Axes
  6909 | D:5      | Reached skill level 5 in Armour
  7038 | D:5      | Found a hide-covered altar of Uskayaw.
  7212 | D:5      | Reached skill level 9 in Axes
  7473 | D:5      | Found a staircase to the Ecumenical Temple.
  7809 | D:6      | Reached XP level 9. HP: 62/82 MP: 8/8
  7924 | D:6      | Found a shimmering blue altar of Sif Muna.
  8078 | D:6      | Found an opulent altar of Gozag.
  8161 | D:6      | Noticed Sigmund
  8171 | D:6      | Killed Sigmund
  9162 | D:6      | Reached skill level 10 in Axes
  9360 | D:6      | Reached *** piety under Trog
  9555 | D:7      | Reached skill level 11 in Axes
 10065 | D:7      | Reached XP level 10. HP: 71/91 MP: 9/9
 10074 | D:7      | Found a glowing golden altar of the Shining One.
 10301 | D:7      | Found an iron altar of Okawaru.
 10301 | D:7      | Found a hazy altar of Hepliaklqana.
 10304 | D:7      | Found a shadowy altar of Dithmenos.
 10453 | D:7      | Reached skill level 10 in Fighting
 10607 | D:7      | Found Tuafrism's General Store.
 10613 | D:7      | Bought an amulet of regeneration for 390 gold pieces
 10721 | D:8      | Noticed Prince Ribbit
 10725 | D:8      | Killed Prince Ribbit
 10727 | D:8      | Noticed a two-headed ogre
 10739 | D:8      | Killed a two-headed ogre
 10782 | D:8      | Found Addag's Magic Scroll Shop.
 10791 | D:8      | Bought a scroll of identify for 28 gold pieces
 10791 | D:8      | Bought a scroll of identify for 28 gold pieces
 10829 | D:8      | Reached skill level 12 in Axes
 10915 | D:8      | Found Hurus's General Store.
 10918 | D:8      | Bought a scroll of identify for 22 gold pieces
 10918 | D:8      | Bought a scroll of identify for 22 gold pieces
 10978 | D:8      | Found Hisoxtyg's Antique Armour Boutique.
 11423 | D:9      | Noticed Harold
 11427 | D:9      | Killed Harold
 11438 | D:9      | Noticed Maurice
 11441 | D:9      | Reached **** piety under Trog
 11472 | D:9      | Killed Maurice
 11536 | D:9      | Noticed a death yak
 11536 | D:9      | Noticed a death yak
 11548 | D:9      | Killed a death yak
 11570 | D:9      | Noticed a death yak
 11582 | D:9      | Killed a death yak
 11583 | D:9      | Reached skill level 13 in Axes
 11583 | D:9      | Reached XP level 11. HP: 102/102 MP: 10/10
 11586 | D:9      | Killed a death yak
 11602 | D:9      | Found a staircase to the Lair.
 11605 | D:9      | Noticed a two-headed ogre
 11622 | D:9      | Killed a two-headed ogre
 11741 | D:9      | Noticed a two-headed ogre
 11751 | D:9      | Killed a two-headed ogre
 11927 | D:9      | Noticed Grum
 11950 | D:9      | Killed Grum
 12296 | D:9      | Reached skill level 14 in Axes
 12682 | Lair:1   | Entered Level 1 of the Lair of Beasts
 12763 | D:10     | Entered Level 10 of the Dungeon
 12763 | D:10     | Found a portal to a secret trove of treasure.
 12800 | D:10     | Found a flagged portal.
 13035 | D:10     | Noticed Gastronok
 13077 | D:10     | Killed Gastronok
 13078 | D:10     | Reached skill level 1 in Shields
 13078 | D:10     | Reached skill level 1 in Evocations
 13171 | D:10     | Reached ***** piety under Trog
 14831 | D:11     | Noticed a four-headed hydra
 14838 | D:11     | Killed an eight-headed hydra
 15258 | D:11     | Noticed a seven-headed hydra
 15267 | D:11     | Fell from the grace of Trog
 15268 | D:11     | Killed an eight-headed hydra
 15270 | D:11     | Reached XP level 12. HP: 111/113 MP: 11/11
 15481 | D:11     | Noticed a catoblepas
 15491 | D:11     | Killed a catoblepas
 15788 | D:11     | HP: 4/113 [black bear[the rage of Trog] (5)]
 15788 | D:11     | Slain by a polar bear

Illustrated notes

Levels and vault maps discovered:
D:1:      psy_arrival_spokes, layout_basic
D:2:      layout_basic, shapermc_ecumenical_altar_mp_vishouse, basic_altar,
          minmay_tetromino_l2
D:3:      layout_loops_cross, nicolae_concentric_dashed_squares_mild,
          minmay_misc_feat_chi
D:4:      layout_cave_pools, mainiacjoe_overflow_big_doors
D:5:      layout_rooms, lemuel_doored_altar, minmay_temple_entry_trees
D:6:      minmay_polygon_palace, layout_loops_ring, grunt_gozag_statues,
          nicolae_overflow_crystal_walls, uniq_menkaure, uniq_sigmund
D:7:      layout_rooms, grunt_temple_overflow_open, serial_shops,
          kennysheep_little_box
D:8:      layout_cave_pools, serial_shops, kennysheep_mini,
          nicolae_shop_window_shopping, shop, uniq_prince_ribbit1
D:9:      layout_roguey, dpeg_lair_monsters, serial_rivers,
          chequers_serial_rivers_room_b, chequers_serial_rivers_small_3,
          chequers_serial_rivers_large_a, chequers_serial_rivers_marsh,
          chequers_serial_rivers_small_3, uniq_grum, uniq_maurice, uniq_harold
D:10:     layout_roguey, enter_trove_0, enter_bailey_2, uniq_gastronok
D:11:     layout_basic, erik_orc_3
Lair:1:   layout_concentric_octagons, lemuel_fruit_fields, serial_bayou_shore_a,
          grunt_megastairs_2

Skill      XL: |  1  2  3  4  5  6  7  8  9 10 11 |
---------------+----------------------------------+-----
Axes           | 4 5 6 7 9 11 13 14 | 14.6
Fighting       | 4 5 6 8 9 11 12 | 12.6
Dodging        | 3 4 5 6 7 8 |  8.8
Armour         | 3 4 5 6 8 9 |  9.8
Stealth        | 1 2 |  2.6
Shields        | 3 |  3.6
Evocations     | 2 |  2.5

Action                   |  1- 3 |  4- 6 |  7- 9 | 10-12 || total
-------------------------+-------+-------+-------+-------++-------
Melee: Hand axe          |    98 |    32 |       |       ||   130
       Headbutt          |    14 |     7 |    28 |    34 ||    83
       Punch             |     1 |       |       |       ||     1
       Battleaxe         |       |    28 |   147 |   236 ||   411
Invok: Berserk           |       |     1 |     4 |     5 ||    10
       Renounce Religion |       |       |       |     1 ||     1
Evoke: Wand              |       |       |       |     4 ||     4
  Use: Scroll            |     3 |     4 |    10 |     6 ||    23
 Stab: Sleeping          |       |     1 |       |       ||     1
Armor: Animal skin       |    23 |     7 |       |       ||    30
       Leather armour    |       |    12 |     4 |       ||    16
       Acid dragon scale |       |       |    53 |   119 ||   172
Dodge: Dodged            |    68 |    40 |    92 |   244 ||   444
